 Dungeon Crawl Stone Soup version 0.28.0-45-g0d030f2227 (webtiles) character file.

Game seed: 2855932259652333536

8052 Faeu the Cleaver (level 11, -4/87 HPs)
             Began as a Minotaur Fighter on Apr 15, 2022.
             Was a Priest of Hepliaklqana.
             Killed by divine providence
             ... invoked by a meliai
              (13 damage)
             ... on level 12 of the Dungeon.
             The game lasted 00:55:42 (12275 turns).

Faeu the Cleaver (Minotaur Fighter)                Turns: 12275, Time: 00:55:42

Health: -4/87      AC: 19    Str: 26    XL:     11   Next: 4%
Magic:  10/10      EV:  8    Int:  5    God:    Hepliaklqana [***...]
Gold:   519        SH:  4    Dex:  9    Spells: 10/10 levels left

rFire   . . .      SeeInvis +   Q - +3 hand axe (freeze) {axe}
rCold   + . .      Faith    .   c - +0 buckler
rNeg    . . .      Spirit   .   K - +0 plate armour
rPois   .          Reflect  .   (helmet restricted)
rElec   .          Harm     .   g - +0 cloak
rCorr   .          Rampage  .   e - +1 pair of gloves
Will    .....                   (no boots)
Stlth   ..........              G - amulet of magic regeneration {@e2}
HPRegen 0.24/turn               j - ring of protection from cold
MPRegen 0.52/turn               B - ring of see invisible

@: no status effects
A: reduced essence, horns 2, retaliatory headbutt
a: Renounce Religion, Ancestor Life: Knight, Ancestor Life: Battlemage, Ancestor
Life: Hexer, Recall Ancestor, Ancestor Identity, Transference


You were on level 12 of the Dungeon.
You worshipped Hepliaklqana.
Hepliaklqana was most pleased with you.
You visited 2 branches of the dungeon, and saw 13 of its levels.
You also visited: Ossuary.

You collected 519 gold pieces.


Innate Abilities, Weirdness & Mutations

Your life essence is reduced to manifest your ancestor. (-10% HP)
You have a pair of horns on your head.
You reflexively headbutt those who attack you in melee.


   Skills:
 + Level 9.3 Fighting
 + Level 13.6 Axes
 + Level 11.3 Armour
 * Level 5.7 Dodging
 + Level 1.1 Stealth
 - Level 4.0 Shields


You had 10 spell levels left.
You didn't know any spells.
Your spell library contained the following spells:

 Spells                   Type           Power      Damage    Failure   Level
 Blink                    Tloc           0%         N/A       100%        2
 Sublimation of Blood     Necr           0%         N/A       100%        2
 Wereblood                Tmut           0%         N/A       100%        2
 Stone Arrow              Conj/Erth      0%         3d7       100%        3
 Tukima's Dance           Hex            0%         N/A       100%        3
 Animate Armour           Summ/Erth      0%         N/A       100%        4
 Leda's Liquefaction      Hex/Erth       0%         N/A       100%        4
 Passage of Golubria      Tloc           0%         N/A       100%        4
 Lee's Rapid Deconstruct  Erth           0%         3d5*      100%        5
 Manifold Assault         Tloc           0%         N/A       100%        5
 Yara's Violent Unravell  Hex/Tmut       0%         3d3       100%        5
 Statue Form              Tmut/Erth      0%         N/A       100%        6
 Storm Form               Tmut/Air       0%         N/A       100%        7
 Summon Hydra             Summ           0%         N/A       100%        7
 Lehudib's Crystal Spear  Conj/Erth      0%         10d2      100%        8

Inventory:

Hand Weapons
 i - a +0 battleaxe {axe}
   (You found it on level 1 of the Dungeon)
 l - a +3 trident {polearm}
   (You took it off a wight on level 6 of the Dungeon)
 E - a +3 war axe {axe}
   (You took it off a wight on level 6 of the Dungeon)
 F - a +5 scimitar {long}
   (You took it off a wight in an ossuary)
 Q - a +3 hand axe of freezing (weapon) {axe}
   (You took it off a wight on level 9 of the Dungeon)
 V - a +4 halberd {polearm}
   (You took it off a wight on level 8 of the Dungeon)
Missiles
 a - 17 poisoned darts {throwing}
 J - a boomerang (quivered) {throwing}
 M - a throwing net {=f!fthrowing}
Armour
 c - a +0 buckler (worn)
 e - a +1 pair of gloves (worn)
   (You found it on level 1 of the Dungeon)
 g - a +0 cloak (worn)
   (You found it on level 1 of the Dungeon)
 K - a +0 plate armour (worn)
   (You took it off an orc warrior on level 9 of the Dungeon)
Jewellery
 j - a ring of protection from cold (left hand)
   (You found it on level 1 of the Dungeon)
 n - a ring of fire
   (You found it on level 8 of the Dungeon)
 B - a ring of see invisible (right hand)
   (You found it on level 5 of the Dungeon)
 G - an amulet of magic regeneration (around neck) {@e2}
   (You found it on level 6 of the Dungeon)
 T - a ring of protection from cold
   (You found it on level 11 of the Dungeon)
Wands
 b - a wand of flame (48)
   (You found it on level 6 of the Dungeon)
 o - a wand of mindburst (15)
   (You found it on level 4 of the Dungeon)
 y - a wand of iceblast (12)
   (You found it in an ossuary)
 U - a wand of digging (2)
   (You found it on level 8 of the Dungeon)
Scrolls
 f - a scroll of fog {unknown}
 h - a scroll of holy word {unknown}
 k - a scroll of enchant weapon {unknown}
 m - 2 scrolls of immolation {!r!r}
 q - 2 scrolls of teleportation {@r4}
 r - 2 scrolls of amnesia
 s - 2 scrolls of brand weapon
 t - 2 scrolls of magic mapping {!r}
 v - a scroll of silence {unknown}
 z - a scroll of torment {unknown}
 A - 3 scrolls of enchant armour
 C - 2 scrolls of fear
 D - 3 scrolls of noise {!r}
 N - a scroll of blinking {unknown}
 P - 2 scrolls of vulnerability {unknown}
 S - 4 scrolls of identify {@r1}
Potions
 d - 2 potions of might
 p - 2 potions of lignification {!q}
 u - a potion of ambrosia
 w - 3 potions of curing {@q1}
 x - 2 potions of attraction {!q}
 H - a potion of brilliance
 I - a potion of mutation {unknown}
 L - 2 potions of heal wounds {unknown}
 O - a potion of invisibility {unknown}
 R - a potion of resistance {unknown}
 W - a potion of berserk rage {unknown}
 Y - 2 potions of magic {unknown}
 Z - 2 potions of haste {unknown}
Miscellaneous
 X - a lightning rod (4/4)
   (You found it on level 9 of the Dungeon)

Dungeon Overview and Level Annotations

Branches:
Dungeon (12/15)            Temple (1/1) D:5            Lair (0/6) D:9
    Orc (0/2) D:10        Ossuary (visited)

Altars:
Ashenzari
Cheibriados
Dithmenos
Elyvilon
Fedhas
Gozag
Hepliaklqana
Kikubaaqudgha
Nemelex Xobeh
Okawaru
Qazlal
Ru
Sif Muna
Trog
Uskayaw
Vehumet
Xom
Zin

... ..##...##..........#
... ..#.. .............#
.... ...# ##...........#
.....#..# #............#
.....#..# #.#.........##
.....yy.###...........##
.......R.#....[........#
#y.#.#...........#
#@)..............#
##..#.#..........#
#....#..........#
#.......#########
#..##.... #.#####... ..#
#.... .... #.###. #.


You could see the friendly Cuetlachtli the ancestor and 3 meliai.


Message History

Things that are here:
a +0 shortbow {bow}; 16 arrows; 😕 HP[+1] 😕 HP[+1] 😕 HP[+1] 😕 HP[+1] 😕 HP[+1]
You swap places.
Done exploring. 😎 HP[+5] Done exploring.
(D) Dungeon (T) Temple (L) Lair (O) Orcish Mines
Where to? (? - help)
You swap places.
There is a stone staircase leading down here.
You climb downwards.
There is a stone staircase leading up here.
You swap places.
y - a wand of iceblast (12) (gained 4 charges)
w - 3 potions of curing {@q1} (gained 1)
You see here a +0 robe.
You swap places.
S - 4 scrolls of identify {@r1} (gained 1)
A two-headed ogre comes into view.
It is wielding a +0 giant club and a +0 dire flail.
The two-headed ogre hits you with a +0 giant club!
The two-headed ogre barely misses you.
You see here a +0 longbow {bow}. 😕 HP[-11]
You take 11 damage, and now have 70/81 hp.
You slash the two-headed ogre! You freeze the two-headed ogre.
You barely miss the two-headed ogre.
Your headbutt misses the two-headed ogre.
Cuetlachtli barely misses the two-headed ogre.
The two-headed ogre hits you with a +0 giant club!
The two-headed ogre hits you with a +0 dire flail! 😮 HP[-24]
You take 24 damage, and now have 46/81 hp.
MASSIVE DAMAGE!! (PAUSE)
You hit the two-headed ogre. You freeze the two-headed ogre.
Your headbutt misses the two-headed ogre.
Cuetlachtli hits the two-headed ogre!
You slash the two-headed ogre! You freeze the two-headed ogre.
You headbutt the two-headed ogre! You block the two-headed ogre's attack.
The two-headed ogre hits you but does no damage.
You slash the two-headed ogre! You freeze the two-headed ogre.
You kill the two-headed ogre!
You have reached level 11! 😮 HP[+4] MP[+1]
You now have 87 max hp (+6).
You regained 4 hp, and now have 50/87 hp.
Your mp is fully restored (10).
Things that are here:
a +0 giant club {mace}; a +0 dire flail {mace} You see here a +0 longbow {bow}.
You see here a +0 longbow {bow}.
A meliai comes into view. It is wielding a +0 war axe. 😮 HP[+15]
You regained 15 hp, and now have 65/87 hp. 2 meliai come into view.
The meliai buzzes angrily.
The meliai invokes the aid of its god against you.
Something smites you! You block the meliai's attack.
The meliai stings you but does no damage.
The meliai moves out of view.
Things that are here:
a +0 giant club {mace}; a +0 dire flail {mace} 😮 HP[-11]
You take 11 damage, and now have 54/87 hp.
You barely miss the meliai. Your headbutt misses the meliai.
The meliai calls down the wrath of its god upon you.
Something smites you! The meliai hits you but does no damage.
The meliai misses Cuetlachtli.
The meliai stings you but does no damage.
Cuetlachtli hits the meliai. 😮 HP[-10]
You take 10 damage, and now have 44/87 hp.
You slash the meliai! You freeze the meliai.
The meliai hits you but does no damage.
The meliai barely misses Cuetlachtli.
The meliai stings you but does no damage.
The meliai barely misses Cuetlachtli.
The meliai stings Cuetlachtli!
You hit the meliai. You freeze the meliai.
The meliai calls upon its god to heal the meliai.
The meliai is healed somewhat.
The meliai invokes the aid of its god against you.
Something smites you!
* * * LOW HITPOINT WARNING * * *
Cuetlachtli closely misses the meliai.
The meliai calls down the wrath of its god upon you.
Something smites you!
* * * LOW HITPOINT WARNING * * *
You block the meliai's attack.
The meliai closely misses Cuetlachtli.
The meliai stings you but does no damage. 😨 HP[-22]
You take 22 damage, and now have 22/87 hp.
MASSIVE DAMAGE!! (PAUSE)
The meliai calls down the wrath of its god upon you.
Something smites you!
* * * LOW HITPOINT WARNING * * *
The meliai mumbles some strange prayers to its god against you.
Something smites you!
You die...

Skill      XL: |  1  2  3  4  5  6  7  8  9 10 |
---------------+-------------------------------+-----
Armour         | 4 5 6 8 9 11 | 11.3
Fighting       | 4 6 8 9 |  9.3
Axes           | 3 4 5 6 8 10 12 13 | 13.6
Shields        | 4 |  4.0
Dodging        | 1 2 3 5 |  5.7
Stealth        | 1 |  1.1

Action                   |  1- 3 |  4- 6 |  7- 9 | 10-12 || total
-------------------------+-------+-------+-------+-------++-------
Melee: War axe           |    48 |    60 |   282 |    28 ||   418
       Headbutt          |    13 |    13 |    63 |    27 ||   116
       Battleaxe         |    44 |       |       |       ||    44
       Punch             |       |     2 |       |       ||     2
       Hand axe          |       |       |       |    73 ||    73
Evoke: Wand              |       |       |       |     1 ||     1
  Use: Potion            |       |     5 |       |       ||     5
       Scroll            |       |     1 |     8 |       ||     9
Armor: Scale mail        |    64 |       |       |       ||    64
       Chain mail        |       |    39 |   146 |     4 ||   189
       Skin              |       |     1 |       |       ||     1
       Plate armour      |       |       |       |    61 ||    61
Dodge: Dodged            |    56 |    22 |   125 |    39 ||   242
Block: Buckler           |    10 |     2 |    62 |    27 ||   101

Levels and vault maps discovered:
D:1:      lightli_arrival_maybe_door_vault, layout_loops_ring,
          grunt_decor_one_mirror, due_unseen_surprise
D:2:      layout_basic, minmay_misc_feat_room, dk_noncrumbling_3, st_stairs_7
D:3:      layout_loops_ring, shapermc_ecumenical_altar_notcrosses,
          kennysheep_donut, st_stairs_8
D:4:      layout_basic, general_overflow_altar, nicolae_ossuary_entry_plus
D:5:      layout_loops_cross, kennysheep_little_box,
          minmay_temple_entry_statues_fountains, ebering_ghost_gozag,
          uniq_eustachio
D:6:      layout_basic, uniq_pikel
D:7:      layout_layer_cave, nemelex_diamond_rough_becter,
          cheibrodos_worm_habitat, minmay_misc_feat_hallway, uniq_joseph
D:8:      layout_loops_ring
D:9:      layout_cave_pods, lair_entry_dummy, hangedman_decor_clover_reticule
D:10:     layout_cave_pools
D:11:     layout_long_grid
D:12:     layout_rooms, serial_curves, eino_curves_04, eino_curves_01,
          zin_treasury
Temple:   dpeg_five_rooms_temple

Notes
Turn   | Place    | Note
-------+----------+-------------------------------------------
     0 | D:1      | Faeu the Minotaur Fighter began the quest for the Orb.
     0 | D:1      | Reached XP level 1. HP: 19/19 MP: 0/0
     0 | D:1      | magus.rc [v1.9.6]
   107 | D:1      | Reached XP level 2. HP: 27/27 MP: 1/1
   188 | D:1      | Reached skill level 4 in Armour
   259 | D:1      | Reached skill level 4 in Fighting
   665 | D:2      | Reached XP level 3. HP: 33/33 MP: 2/2
   671 | D:2      | Reached skill level 3 in Axes
   742 | D:2      | Reached skill level 4 in Shields
  1720 | D:3      | Found a faded altar of an unknown god.
  2219 | D:3      | You add the spells Tukima's Dance, Passage of Golubria and
                  | Yara's Violent Unravelling to your library.
  2267 | D:4      | Reached XP level 4. HP: 34/40 MP: 3/3
  2268 | D:4      | Noticed an ogre
  2385 | D:4      | Reached skill level 4 in Axes
  2404 | D:4      | Found a sand-covered staircase.
  2413 | Ossuary  | Entered an ossuary
  2497 | Ossuary  | Reached XP level 5. HP: 44/46 MP: 4/4
  2525 | Ossuary  | Noticed a flying skull
  2525 | Ossuary  | Noticed a wraith
  2536 | Ossuary  | Noticed a flying skull
  2539 | Ossuary  | Noticed a wraith
  2554 | Ossuary  | Killed a wraith
  2555 | Ossuary  | Reached skill level 5 in Axes
  2555 | Ossuary  | Reached skill level 5 in Armour
  2555 | Ossuary  | Reached skill level 1 in Dodging
  2555 | Ossuary  | Reached XP level 6. HP: 14/53 MP: 5/5
  2780 | Ossuary  | Noticed a flying skull
  2802 | Ossuary  | Noticed a flying skull
  2955 | Ossuary  | Noticed a wraith
  2964 | Ossuary  | Killed a wraith
  2965 | Ossuary  | Reached skill level 6 in Axes
  3126 | D:4      | You pick up a book of Blood and begin reading...
  3126 | D:4      | You add the spells Sublimation of Blood, Wereblood and
                  | Summon Hydra to your library.
  3136 | D:4      | Reached XP level 7. HP: 60/60 MP: 6/6
  3204 | D:4      | Reached skill level 5 in Fighting
  3642 | D:4      | Reached skill level 7 in Axes
  3864 | D:4      | Found a broken altar of Ashenzari.
  4088 | D:5      | Entered Level 5 of the Dungeon
  4095 | D:5      | Reached skill level 6 in Armour
  4095 | D:5      | Reached skill level 2 in Dodging
  4111 | D:5      | Found a staircase to the Ecumenical Temple.
  4129 | Temple   | Entered the Ecumenical Temple
  4316 | Temple   | Became a worshipper of Hepliaklqana the Forgotten
  4417 | D:5      | Reached skill level 8 in Axes
  4435 | D:5      | Found a runed translucent gate.
  4436 | D:5      | Found a runed translucent gate.
  4436 | D:5      | Found an opulent altar of Gozag.
  4437 | D:5      | Noticed a wraith
  4438 | D:5      | Found a runed translucent gate.
  4438 | D:5      | Noticed Acheron's ghost (amateur MiWr)
  4458 | D:5      | Noticed Eustachio
  4470 | D:5      | Killed Eustachio
  4471 | D:5      | Reached skill level 6 in Fighting
  4471 | D:5      | Reached XP level 8. HP: 61/70 MP: 7/7
  4661 | D:5      | Found a glowing silver altar of Zin.
  4882 | D:5      | Reached skill level 9 in Axes
  5038 | D:5      | Reached skill level 7 in Armour
  5240 | D:6      | HP: 16/66 [wight/+3 trident (1)]
  5247 | D:6      | HP: 15/68 [wight/+3 trident (1)]
  6212 | D:6      | Reached * piety under Hepliaklqana
  6279 | D:6      | Reached skill level 8 in Armour
  6432 | D:6      | Noticed Pikel
  6444 | D:6      | Reached skill level 10 in Axes
  6444 | D:6      | Reached XP level 9. HP: 30/62 MP: 8/8
  6447 | D:6      | Killed Pikel
  6448 | D:6      | Reached skill level 7 in Fighting
  6448 | D:6      | Reached skill level 1 in Stealth
  7004 | D:5      | Reached skill level 11 in Axes
  7009 | D:5      | Killed Acheron's ghost
  7141 | D:7      | Reached skill level 9 in Armour
  7489 | D:7      | Noticed Joseph
  7502 | D:7      | Killed Joseph
  7503 | D:7      | Reached skill level 8 in Fighting
  7845 | D:7      | Found a sparkling altar of Nemelex Xobeh.
  7956 | D:7      | Found a snail-covered altar of Cheibriados.
  8023 | D:7      | Reached ** piety under Hepliaklqana
  8672 | D:8      | Reached skill level 12 in Axes
  9123 | D:9      | Reached skill level 3 in Dodging
  9129 | D:9      | Reached XP level 10. HP: 50/79 MP: 9/9
  9434 | D:9      | Noticed a two-headed ogre
  9449 | D:9      | Killed a two-headed ogre
  9450 | D:9      | Reached skill level 4 in Dodging
  9654 | D:9      | Found a staircase to the Lair.
  9658 | D:9      | Reached skill level 10 in Armour
 10457 | D:10     | Entered Level 10 of the Dungeon
 10457 | D:10     | Noticed a two-headed ogre
 10468 | D:9      | Killed a two-headed ogre
 10707 | D:10     | Found a staircase to the Orcish Mines.
 10795 | D:10     | Reached skill level 13 in Axes
 10834 | D:10     | Reached skill level 5 in Dodging
 10865 | D:10     | Reached *** piety under Hepliaklqana
 10939 | D:10     | Reached skill level 9 in Fighting
 11226 | D:10     | You pick up a book of the Earth and begin reading...
 11226 | D:10     | You add the spells Leda's Liquefaction, Lee's Rapid
                  | Deconstruction and Statue Form to your library.
 11748 | D:11     | You add the spells Blink, Manifold Assault and Storm Form
                  | to your library.
 11897 | D:11     | magus.rc [v1.9.6]
 11954 | D:11     | Noticed a two-headed ogre
 11960 | D:11     | Killed a two-headed ogre
 11961 | D:11     | Reached skill level 11 in Armour
 12005 | D:11     | You pick up a book of Armaments and begin reading...
 12005 | D:11     | You add the spells Stone Arrow, Animate Armour and
                  | Lehudib's Crystal Spear to your library.
 12196 | D:12     | Noticed a two-headed ogre
 12204 | D:12     | Killed a two-headed ogre
 12205 | D:12     | Reached XP level 11. HP: 50/87 MP: 10/10
 12275 | D:12     | HP: 9/87 [meliai/divine providence (13)]
 12275 | D:12     | Killed from afar by a meliai

Vanquished Creatures
  4 two-headed ogres
  Pikel (D:6)
  Joseph (D:7)
  3 wraiths
  A wyvern (D:9)
  Eustachio (D:5)
  An orc warrior (D:9)
  A sky beast (D:5)
  The ghost of Acheron the Chopper, an amateur MiWr of Okawaru (D:5)
  3 ogres
  3 centaurs
  2 phantoms
  A kobold brigand (D:7)
  A bullfrog (D:9)
  A scorpion (D:6)
  A water moccasin zombie (D:5)
  A wyvern skeleton (D:7)
  3 killer bees (D:9)
  19 wights
  3 howler monkeys
  6 centaur zombies
  4 hounds
  4 orc priests
  A jelly (D:6)
  A gnoll shaman (D:7)
  7 iguanas
  5 orc wizards
  2 howler monkey zombies
  7 gnolls
  5 adders
  A shadow imp (D:6)
  A white imp (D:5)
  An adder zombie (Ossuary)
  2 worms
  A dart slug (D:2)
  26 orcs
  7 endoplasms
  5 giant cockroaches
  6 goblins
  3 hobgoblins
  9 kobolds
  5 quokkas
  5 ball pythons
  5 bats
  5 frilled lizards
  3 hobgoblin skeletons (Ossuary)
  4 hobgoblin zombies (Ossuary)
  2 orc skeletons (Ossuary)
  2 rats (D:1)
187 creatures vanquished.

Vanquished Creatures (collateral kills)
  A wraith (D:10)
  An acid dragon (D:11)
  2 howler monkeys (D:9)
  An orc priest (D:8)
  An orc wizard (D:10)
  A howler monkey zombie (D:9)
  An orc (D:7)
  A kobold (D:7)
9 creatures vanquished.

Vanquished Creatures (others)
  4 ancestors
4 creatures vanquished.

Grand Total: 200 creatures vanquished

Table legend:
 A = Non-vault XP
 B = Vault XP
 C = Vault XP percentage of total XP
 D = Non-vault monster count
 E = Vault monster count
 F = Vault count percentage of total count
                 A         B        C        D         E       F
            +---------+---------+-------+---------+---------+-------
      Total |    9337 |    2167 |  18.8 |     171 |      25 |  12.8
            +---------+---------+-------+---------+---------+-------
        D:1 |      40 |       0 |   0.0 |      24 |       0 |   0.0
        D:2 |      18 |       5 |  21.7 |      10 |       1 |   9.1
        D:3 |      23 |       1 |   4.2 |      12 |       1 |   7.7
        D:4 |     414 |       0 |   0.0 |      18 |       0 |   0.0
        D:5 |     714 |     538 |  43.0 |      14 |       6 |  30.0
        D:6 |    1062 |     641 |  37.6 |      23 |       1 |   4.2
        D:7 |     467 |     435 |  48.2 |      21 |       2 |   8.7
        D:8 |     402 |       0 |   0.0 |      13 |       0 |   0.0
        D:9 |    2888 |       0 |   0.0 |      23 |       0 |   0.0
       D:10 |    1370 |       0 |   0.0 |       8 |       0 |   0.0
       D:11 |    1094 |       0 |   0.0 |       3 |       0 |   0.0
       D:12 |     805 |       0 |   0.0 |       1 |       0 |   0.0
     Temple |      40 |       0 |   0.0 |       1 |       0 |   0.0
    Ossuary |       0 |     547 | 100.0 |       0 |      14 | 100.0
            +---------+---------+-------+---------+---------+-------

Illustrated notes

Table legend:
 A = Kills in this place as a percentage of kills in entire the game.
 B = Kills by you in this place as a percentage of kills by you in the entire game.
 C = Kills by friends in this place as a percentage of kills by friends in the entire game.
 D = Other kills in this place as a percentage of other kills in the entire game.
 E = Experience gained in this place as a percentage of experience gained in the entire game.
 F = Experience gained in this place divided by the number of levels of this place that you have seen.
                   A       B       C       D       E      F
               +-------+-------+-------+-------+-------+----------------------
         Total | 100.0 | 100.0 | 100.0 |   N/A | 100.0 | 821.7
       Dungeon |  92.3 |  92.0 | 100.0 |   N/A |  94.9 | 909.8
        Temple |   0.5 |   0.5 |   0.0 |   N/A |   0.3 |  40.0
       Ossuary |   7.1 |   7.5 |   0.0 |   N/A |   4.8 | 547.0
               +-------+-------+-------+-------+-------+----------------------

Table legend: (Time is in decaauts)
 A = Elapsed time spent in this place.
 B = Non-inter-level travel time spent in this place.
 C = Inter-level travel time spent in this place.
 D = Time resting spent in this place.
 E = Time spent auto-exploring this place.
 F = Levels seen in this place.
 G = Mean time per level.
                   A        B        C        D        E       F      G
               +--------+--------+--------+--------+--------+-----+--------+
         Total |  12369 |  11876 |    493 |   1670 |   6469 |  14 |  883.5 |
       Dungeon |  11392 |  10974 |    418 |   1376 |   6372 |  12 |  949.3 |
        Temple |    263 |    188 |     75 |     45 |      0 |   1 |  263.0 |
       Ossuary |    713 |    713 |      0 |    249 |     97 |   1 |  713.0 |
               +--------+--------+--------+--------+--------+-----+--------+

Top non-repeatable levels by time:
     D:9: 1711 daAuts
     D:6: 1522 daAuts
     D:7: 1377 daAuts
     D:5: 1198 daAuts
     D:4: 1097 daAuts
     D:3: 1005 daAuts
    D:11: 832 daAuts
 Ossuary: 713 daAuts
     D:8: 689 daAuts
     D:2: 687 daAuts
     D:1: 677 daAuts
    D:10: 476 daAuts
  Temple: 263 daAuts
    D:12: 118 daAuts
